[Event "*** SCC Grand Prix: Titled Tuesday Blitz"]
[Site "Chess.com"]
[Date "2020.10.06"]
[Round "2"]
[White "TomasKapitanchuk"]
[Black "Khnykin_Nikolay"]
[Result "1-0"]
[WhiteElo "2386"]
[BlackElo "2063"]
[TimeControl "180+1"]
[EndTime "10:16:20 PDT"]
[Termination "TomasKapitanchuk won by resignation"]

1. e4 e6 2. d4 d5 3. Nd2 c5 4. Ngf3 Qb6 5. exd5 exd5 6. Be2 Nf6 7. O-O Be7 8. dxc5 Bxc5 9. Nb3 Bd6 10. Be3 Qc7 11. h3 O-O 12. Nbd4 a6 13. Bd3 b6 14. Nf5 Bb7 15. Nxd6 Qxd6 16. c3 Nbd7 17. Bd4 Qc7 18. Re1 Rfe8 19. Qd2 Ne4 20. Qc2 Ndc5 21. Bf1 Qf4 22.
Rad1 Re6 23. Be3 Qf5 24. Nd4 Qh5 25. Nxe6 fxe6 26. f3 Ng3 27. Bxc5 bxc5 28. Rxe6 Qg5 29. Rde1 Rf8 30. Re8 Bc8 31. Rxf8+ Kxf8 32. Qxh7 Bf5 33.
Qh8+ Kf7 34. Qe8+ Kf6 35. Qe7+ Kg6 36. Qxg5+ Kxg5 37. Bxa6 d4 38. cxd4 cxd4 39. Kf2 d3 40.
Kxg3 d2 41. Rd1 Be6 42. Rxd2 Bxa2 43. Rd6 Bf7 44. f4+ 1-0

[Event "*** SCC Grand Prix: Titled Tuesday Blitz"]
[Site "Chess.com"]
[Date "2020.10.06"]
[Round "2"]
[White "SilviusTiberius"]
[Black "ChronicUnhappiness"]
[Result "1-0"]
[WhiteElo "2654"]
[BlackElo "2281"]
[TimeControl "180+1"]
[EndTime "10:16:22 PDT"]
[Termination "SilviusTiberius won by resignation"]

1. e4 c5 2. Nf3 Nc6 3. d4 cxd4 4. Nxd4 Nf6 5. Nc3 e5 6. Ndb5 d6 7. Nd5 Nxd5 8. exd5 Nb8 9. Be2 Be7 10. a4 a6 11.
Na3 a5 12. Nc4 O-O 13. O-O b6 14. f4 exf4 15. Bxf4 Ba6 16. Bd3 Bxc4 17. Bxc4 Bg5 18. Bg3 Qc7 19. Qg4 Be3+ 20. Kh1 Nd7 21. Bd3 g6 22. Rae1 Bh6 23. Re7 Nf6 24. Qe2 Rfe8 25. Rxc7 Rxe2 26. Bxe2 Nxd5 27. Rcxf7 Ne3 28. R1f3 Nxc2 29.
Bc4 Kh8 30. Bxd6 Bg7 31. Rf2 Nd4 32. Rxg7 1-0

[Event "*** SCC Grand Prix: Titled Tuesday Blitz"]
[Site "Chess.com"]
[Date "2020.10.06"]
[Round "2"]
[White "Stalri"]
[Black "stanyga"]
[Result "1-0"]
[WhiteElo "2148"]
[BlackElo "2617"]
[TimeControl "180+1"]
[EndTime "10:16:22 PDT"]
[Termination "Stalri won by resignation"]

1. d4 d5 2. c4 c6 3. Nc3 Nf6 4. cxd5 cxd5 5. f3 Nc6 6. e4 e5 7. dxe5 Nxe5 8. f4 Nc6 9. exd5 Nb4 10. Bb5+ Bd7 11. d6 Qb6 12. Qe2+ Kd8 13. Bxd7 Kxd7 14. Nf3 Bxd6 15. Ne5+ Bxe5 16. fxe5 Rhe8 17. Bf4 Kc8 18.
O-O-O Qc6 19. Kb1 b6 20. Rd4 Kb7 21. Rxb4 Rad8 22. Rc1 Nd5 23. Nxd5 Qxd5 24. Rbc4 1-0

[Event "*** SCC Grand Prix: Titled Tuesday Blitz"]
[Site "Chess.com"]
[Date "2020.10.06"]
[Round "2"]
[White "sotochess"]
[Black "rududuyk"]
[Result "1-0"]
[WhiteElo "2402"]
[BlackElo "2136"]
[TimeControl "180+1"]
[EndTime "10:16:22 PDT"]
[Termination "sotochess won by resignation"]

1. e4 e6 2. Qe2 c5 3. Nf3 Nc6 4.
g3 g6 5. Bg2 Bg7 6. O-O Nge7 7.
Rd1 e5 8. c3 O-O 9. Na3 d6 10.
Nc2 f5 11. d3 h6 12. Rb1 g5 13. b4 f4 14. Nd2 Be6 15. bxc5 dxc5 16. Rxb7 Qc8 17.
Rb2 g4 18. Bf1 Qe8 19. Nb3 c4 20. Nc5 cxd3 21. Qxd3 Bc8 22. Nb4 Nxb4 23. Rxb4 Qf7 24. Qc4 fxg3 25. hxg3 Nc6 26. Qxf7+ Rxf7 27. Rb2 Rc7 28.
Be3 Na5 29. Rb5 Nb7 30. Bc4+ Kh8 31. Bd5 Nd6 32. Rb2 1-0

[Event "*** SCC Grand Prix: Titled Tuesday Blitz"]
[Site "Chess.com"]
[Date "2020.10.06"]
[Round "2"]
[White "PhileKhoob"]
[Black "Politov_Pavel"]
[Result "1-0"]
[WhiteElo "2456"]
[BlackElo "2254"]
[TimeControl "180+1"]
[EndTime "10:16:24 PDT"]
[Termination "PhileKhoob won by resignation"]

1. Nf3 c5 2. b3 g6 3. Bb2 Nf6 4. e4 Bg7 5. Be2 O-O 6. d3 d5 7. exd5 Nxd5 8. Bxg7 Kxg7 9. O-O Nc6 10. d4 cxd4 11.
Nxd4 Nxd4 12. Qxd4+ Nf6 13. Qb2 Bf5 14. c4 Qb6 15. Nc3 Rfd8 16. Nd5 Qc5 17. b4 Qd6 18. Bf3 Rac8 19. c5 Qd7 20. Rfe1 Be6 21. Nf4 Bc4 22. Qc3 b5 23. a4 Qc7 24. g3 a6 25.
axb5 axb5 26. Rad1 Rxd1 27. Rxd1 e5 28. Nd5 Bxd5 29.
Bxd5 Rd8 30. Bb3 Rxd1+ 31. Bxd1 Nd5 32. Qd3 Nxb4 33. Qxb5 Nc6 34. Qb6 Qd7 35. Ba4 1-0

[Event "*** SCC Grand Prix: Titled Tuesday Blitz"]
[Site "Chess.com"]
[Date "2020.10.06"]
[Round "2"]
[White "Azerichess"]
[Black "Beltraxtor"]
[Result "1-0"]
[WhiteElo "2909"]
[BlackElo "2579"]
[TimeControl "180+1"]
[EndTime "10:16:25 PDT"]
[Termination "Azerichess won by resignation"]

1. d4 d5 2. c4 c6 3. Nf3 Nf6 4. Qb3 dxc4 5. Qxc4 Bf5 6. g3 e6 7. Bg2 Nbd7 8. O-O Be7 9. e3 O-O 10. Qe2 Qa5 11. Nc3 Ne4 12. Bd2 Nxd2 13. Nxd2 e5 14. Nc4 Qa6 15. Nxe5 Qxe2 16. Nxe2 Nxe5 17. dxe5 Bd3 18.
Rfe1 Bxe2 19. Rxe2 Rfd8 20. f4 Rd7 21. Bh3 Rd5 22.
Bg2 Rd7 23. a3 a5 24. Kf2 Rad8 25. Be4 g6 26. Rc1 Rd2 27. Ke1 R2d7 28. Rec2 Kf8 29. Ke2 Ke8 30. g4 Kf8 31. Rh1 f6 32. e6 Rd6 33. f5 g5 34. h4 Kg7 35. Kf3 h6 36. Rch2 Rh8 37. Bc2 b6 38. e4 c5 39. hxg5 fxg5 40.
e5 Rd4 41. f6+ Bxf6 42. exf6+ Kxf6 43. Rxh6+ Rxh6 44. Rxh6+ Ke7 45. Bf5 1-0

[Event "*** SCC Grand Prix: Titled Tuesday Blitz"]
[Site "Chess.com"]
[Date "2020.10.06"]
[Round "2"]
[White "chessfrendz"]
[Black "WiktoriaPOL"]
[Result "1-0"]
[WhiteElo "2383"]
[BlackElo "2051"]
[TimeControl "180+1"]
[EndTime "10:16:25 PDT"]
[Termination "chessfrendz won by resignation"]

1. d4 Nf6 2. Nf3 g6 3. c4 Bg7 4. Nc3 O-O 5. e4 d6 6. Be2 Nbd7 7. O-O e5 8. dxe5 dxe5 9. Be3 Ng4 10. Bg5 f6 11. Bc1 Qe8 12. Nd5 Qd8 13. h3 Nh6 14.
Be3 c6 15. Nb4 Qe7 16. Nc2 Nf7 17. b4 f5 18. c5 f4 19. Bd2 g5 20. Bc4 Kh8 21.
Qe2 b6 22. Rfd1 bxc5 23. bxc5 Qxc5 24. Bb4 Qb6 25. Bxf8 Bxf8 26. Bxf7 h6 27. Bc4 Nf6 28. Nxe5 1-0

[Event "*** SCC Grand Prix: Titled Tuesday Blitz"]
[Site "Chess.com"]
[Date "2020.10.06"]
[Round "2"]
[White "davigator"]
[Black "dretch"]
[Result "0-1"]
[WhiteElo "2362"]
[BlackElo "2858"]
[TimeControl "180+1"]
[EndTime "10:16:26 PDT"]
[Termination "dretch won by resignation"]

1. e4 e6 2. d4 d5 3. Nc3 Nf6 4. e5 Nfd7 5. f4 c5 6. Nf3 Nc6 7. Be3 cxd4 8. Nxd4 Bc5 9. Qd2 O-O 10. O-O-O a6 11. h4 Nxd4 12. Bxd4 b5 13. Qf2 Qc7 14. Bd3 b4 15. Ne2 a5 16. h5 Ba6 17. h6 g6 18.
Kb1 a4 19. Rh3 Rfc8 20. Bxc5 Nxc5 21. Nd4 b3 22. Bxa6 bxa2+ 23. Kxa2 Rxa6 24. g4 a3 25. bxa3 Ne4 26. Qe1 Nc3+ 27. Rxc3 Qxc3 28. Qxc3 Rxc3 29. Rb1 Rcxa3+ 30. Kb2 Kf8 31. Nb3 R3a4 32. Rf1 Ke7 33. Kc3 Rc6+ 34. Kd3 Rcc4 35. f5 Rxg4 36. f6+ Kd8 37.
Rb1 Rg3+ 38. Kd2 Rh4 39. Nc5 Rh2+ 40. Kc1 Rg1+ 41. Kb2 Rxb1+ 42. Kxb1 Rxh6 43. Kb2 Rh5 44. Nd3 g5 45. Kc3 g4 46. Kd4 g3 47. Kc5 g2 48.
Nf4 g1=Q+ 49. Kc6 Rh4 50. Nxe6+ fxe6 51. f7 Ke7 0-1

[Event "*** SCC Grand Prix: Titled Tuesday Blitz"]
[Site "Chess.com"]
[Date "2020.10.06"]
[Round "2"]
[White "juli2512"]
[Black "kasparicy"]
[Result "0-1"]
[WhiteElo "2047"]
[BlackElo "2383"]
[TimeControl "180+1"]
[EndTime "10:16:26 PDT"]
[Termination "kasparicy won by resignation"]

1. e4 c5 2. Nf3 d6 3. d3 Nf6 4. g3 g6 5. Bg2 Bg7 6. O-O O-O 7. Nbd2 b5 8. c3 Bb7 9. Re1 Nbd7 10. Qc2 Qc7 11. Nf1 d5 12. e5 Ng4 13. e6 fxe6 14.
Rxe6 Nde5 15. Nxe5 Rxf2 16. Qd1 Rxg2+ 17. Kxg2 d4+ 18.
Kg1 Nxe5 19. Rxe5 Bxe5 20. Nd2 Bxg3 21. Ne4 Bxh2+ 22. Kh1 Rf8 23. Bh6 Rf5 24. Qg4 Qg3 25.
Qxg3 Bxg3 26. Kg2 Be5 27. Bd2 c4 28. cxd4 Bxd4 0-1

[Event "*** SCC Grand Prix: Titled Tuesday Blitz"]
[Site "Chess.com"]
[Date "2020.10.06"]
[Round "2"]
[White "Butterfly"]
[Black "XxPetroffsxX"]
[Result "1-0"]
[WhiteElo "2412"]
[BlackElo "2203"]
[TimeControl "180+1"]
[EndTime "10:16:30 PDT"]
[Termination "Butterfly won by resignation"]

1. d4 d5 2. c4 e5 3. cxd5 Qxd5 4. dxe5 Qxe5 5. Nf3 Bb4+ 6. Nc3 Qe7 7. g3 Nf6 8. Bg2 O-O 9. O-O c6 10. Qc2 Re8 11.
Re1 Nbd7 12. e4 Ne5 13. Nxe5 Qxe5 14. Bf4 Qh5 15. a3 Bf8 16. Rad1 Bh3 17. Qe2 Qxe2 18.
Rxe2 Bxg2 19. Kxg2 Rad8 20. Rxd8 Rxd8 21. Rd2 Rxd2 22.
Bxd2 b5 23. f4 Bc5 24. e5 Nd5 25. Nxd5 cxd5 26. Kf3 Kf8 27. Be3 d4 28. Bd2 Ke7 29.
Ke4 f6 30. Bb4 Bxb4 31. axb4 fxe5 32. fxe5 d3 33. Kxd3 Ke6 34. Kd4 h5 35. h4 a6 36.
Ke4 g6 37. Kd4 Kf5 38. Kd5 g5 39. e6 gxh4 40. gxh4 Kf6 41. Kd6 Kf5 42. e7 1-0

[Event "*** SCC Grand Prix: Titled Tuesday Blitz"]
[Site "Chess.com"]
[Date "2020.10.06"]
[Round "2"]
[White "mhennigan"]
[Black "Jabberwockiez"]
[Result "1-0"]
[WhiteElo "2430"]
[BlackElo "2220"]
[TimeControl "180+1"]
[EndTime "10:16:33 PDT"]
[Termination "mhennigan won by resignation"]

1. g3 c5 2. Bg2 Nc6 3. Nf3 g6 4.
O-O Bg7 5. e4 e6 6. Re1 Nge7 7.
c3 O-O 8. d4 cxd4 9. cxd4 d5 10. e5 b6 11. Nc3 a5 12. h4 h5 13. Bg5 Ba6 14. Qd2 Kh7 15. Bh3 b5 16. g4 b4 17.
Na4 hxg4 18. Bxg4 Qc7 19. Rac1 Nf5 20. Nc5 Bb5 21. Kg2 Bh6 22. Rh1 Rg8 23. h5 gxh5 24. Rxh5 Rg6 25. Bxf5 exf5 26. Rch1 Kg7 27. Rxh6 Rxh6 28.
Bxh6+ Kg8 29. Qg5+ 1-0

[Event "*** SCC Grand Prix: Titled Tuesday Blitz"]
[Site "Chess.com"]
[Date "2020.10.06"]
[Round "2"]
[White "Supernotar"]
[Black "rase"]
[Result "1-0"]
[WhiteElo "2807"]
[BlackElo "2547"]
[TimeControl "180+1"]
[EndTime "10:16:34 PDT"]
[Termination "Supernotar won by resignation"]

1. d4 Nf6 2. c4 g6 3. Nc3 Bg7 4. e4 d6 5. Be2 O-O 6. Nf3 Nbd7 7. O-O e5 8. Bg5 c6 9. d5 cxd5 10. cxd5 h6 11. Bh4 g5 12. Bg3 Nc5 13. Nd2 a5 14. b3 Bd7 15. a3 b5 16. b4 axb4 17. axb4 Na4 18. Nxa4 bxa4 19. b5 Qa5 20. Nc4 Qb4 21. Nb6 Ra7 22. Nxd7 Nxd7 23. f3 Nc5 24. Be1 Qd4+ 25.
Bf2 Qb4 26. Rb1 Qc3 27. Qc1 Qxc1 28. Rfxc1 Rc8 29. b6 Rb7 30. Ba6 Nxa6 31. Rxc8+ Kh7 32. Ra8 Nc5 33. Bxc5 dxc5 34. Ra7 1-0

[Event "*** SCC Grand Prix: Titled Tuesday Blitz"]
[Site "Chess.com"]
[Date "2020.10.06"]
[Round "2"]
[White "Quiet_Desperation"]
[Black "Salem-AR"]
[Result "0-1"]
[WhiteElo "1915"]
[BlackElo "2907"]
[TimeControl "180+1"]
[EndTime "10:16:34 PDT"]
[Termination "Salem-AR won by resignation"]

1. e4 c5 2. Nf3 d6 3. d4 cxd4 4. Nxd4 Nf6 5. Nc3 a6 6. h3 e6 7.
Be3 b5 8. Bd3 Bb7 9. a3 Nbd7 10.
O-O Rc8 11. f4 Be7 12. Kh1 h5 13. Nf3 h4 14. e5 Nh5 15. Kh2 Qc7 16. exd6 Bxd6 17.
Ne2 Ndf6 18. Rc1 Nd5 19. Bd2 Ndxf4 20. Nxf4 Bxf4+ 21. Bxf4 Qxf4+ 22. Kg1 Qe3+ 23. Kh2 Qf4+ 24. Kg1 Ng3 25. Rf2 Rd8 26. Qe1 Bxf3 27. Rxf3 Qd4+ 28.
Kh2 Qxb2 29. a4 bxa4 30. Bxa6 Qb8 31. Rxg3 hxg3+ 32. Kh1 Kf8 33. Bd3 Qd6 34. Qf1 a3 0-1

[Event "*** SCC Grand Prix: Titled Tuesday Blitz"]
[Site "Chess.com"]
[Date "2020.10.06"]
[Round "2"]
[White "anasta10"]
[Black "Sankalp_Gupta2003"]
[Result "0-1"]
[WhiteElo "2482"]
[BlackElo "2714"]
[TimeControl "180+1"]
[EndTime "10:16:36 PDT"]
[Termination "Sankalp_Gupta2003 won by resignation"]

1. d4 Nf6 2. c4 e6 3. Nc3 Bb4 4. Bd2 c5 5. d5 exd5 6. cxd5 d6 7. Nf3 O-O 8. a3 Ba5 9. Qc2 Re8 10. e3 Bxc3 11.
Bxc3 Nxd5 12. Bd2 Nc6 13. Bd3 Nf6 14. O-O b6 15. Rfd1 Bb7 16. Bc3 h6 17. Bf5 Qe7 18. Rd2 Rad8 19. Rad1 Nb8 20. Bh3 Ne4 21. Rd3 Nd7 22. Nd2 Ndf6 23. f3 Ng5 24. Bf5 Ba6 25.
Nf1 Bxd3 26. Qxd3 d5 27. h4 Ne6 28. g4 d4 29. exd4 Nf4 30. Qc2 cxd4 31. Bb4 Qe5 32. Re1 Qb5 33. Rxe8+ Rxe8 34. Qd2 Qe5 35. a4 N6d5 36.
Ba3 Ne3 37. Ng3 Nc4 38. Ne4 Nxd2 0-1

[Event "*** SCC Grand Prix: Titled Tuesday Blitz"]
[Site "Chess.com"]
[Date "2020.10.06"]
[Round "2"]
[White "Lupul_Cenusiu"]
[Black "Mbneu"]
[Result "1-0"]
[WhiteElo "2516"]
[BlackElo "2311"]
[TimeControl "180+1"]
[EndTime "10:16:37 PDT"]
[Termination "Lupul_Cenusiu won by resignation"]

1. d4 Nf6 2. Bg5 c5 3. d5 e6 4. Nc3 h6 5. Bxf6 Qxf6 6. e4 a6 7. a4 d6 8. Bc4 e5 9. Be2 Be7 10. h4 Qg6 11. g3 O-O 12. Bh5 Qh7 13. Bg4 f5 14. exf5 Bxf5 15. Bxf5 Qxf5 16. Qe2 Nd7 17.
Kf1 b5 18. Kg2 b4 19. Ne4 Nb6 20. c4 bxc3 21. Nxc3 Bf6 22. Nf3 Rab8 23. Rad1 Rb7 24. Nd2 Rbf7 25. Nde4 Be7 26. b3 Qg6 27. h5 Qf5 28.
Rd2 Qd7 29. Qe3 Rf5 30. a5 Bg5 31. Nxg5 1-0

[Event "*** SCC Grand Prix: Titled Tuesday Blitz"]
[Site "Chess.com"]
[Date "2020.10.06"]
[Round "2"]
[White "Gerasimenyuk_Miha"]
[Black "Margarita2907"]
[Result "1-0"]
[WhiteElo "2412"]
[BlackElo "2202"]
[TimeControl "180+1"]
[EndTime "10:16:37 PDT"]
[Termination "Gerasimenyuk_Miha won on time"]

1. d4 d5 2. Nf3 Nf6 3. Bg5 e6 4.
e3 Be7 5. Nbd2 h6 6. Bf4 O-O 7. Bd3 b6 8. c3 Bb7 9. g4 Ne4 10. g5 Nxg5 11. Rg1 Nh3 12. Rg3 Nxf4 13. exf4 Bf6 14.
Ne5 Qe7 15. Qh5 Kh8 16. Rg6 Kg8 17. Rxh6 g6 18. Bxg6 fxg6 19. Rxg6+ Bg7 20. O-O-O Rf6 21. Rdg1 Rxg6 22. Rxg6 Nd7 23. Ng4 Kf8 24. Nf3 Nf6 25.
Nxf6 Bxf6 26. Ng5 Bg7 27. Nxe6+ Kg8 28. Qg4 1-0

[Event "*** SCC Grand Prix: Titled Tuesday Blitz"]
[Site "Chess.com"]
[Date "2020.10.06"]
[Round "2"]
[White "AleksanderHnydiuk"]
[Black "eljanov"]
[Result "0-1"]
[WhiteElo "2557"]
[BlackElo "2830"]
[TimeControl "180+1"]
[EndTime "10:16:38 PDT"]
[Termination "eljanov won on time"]

1. d4 Nf6 2. c4 e6 3. g3 Bb4+ 4. Bd2 Be7 5. Bg2 d5 6. Nf3 O-O 7. O-O c6 8. Qc2 Nbd7 9. Bf4 b6 10. Rd1 a5 11. Nbd2 Nh5 12. Be3 Bb7 13. Ne5 Rc8 14.
Rac1 f5 15. Qb3 Nhf6 16. Bg5 Nxe5 17. dxe5 Nd7 18. Bxe7 Qxe7 19. cxd5 cxd5 20. f4 Ba6 21.
Qe3 Qb4 22. Nb3 Rxc1 23. Rxc1 Rc8 24. Rxc8+ Bxc8 25. Kf2 Nc5 26. Nxc5 bxc5 27. b3 h6 28. h3 a4 29. g4 fxg4 30. hxg4 axb3 31. axb3 c4 32.
bxc4 dxc4 33. f5 c3 0-1

[Event "*** SCC Grand Prix: Titled Tuesday Blitz"]
[Site "Chess.com"]
[Date "2020.10.06"]
[Round "2"]
[White "Revnov"]
[Black "Semetey"]
[Result "1-0"]
[WhiteElo "2697"]
[BlackElo "2464"]
[TimeControl "180+1"]
[EndTime "10:16:38 PDT"]
[Termination "Revnov won by resignation"]

1. e4 e5 2. Nf3 Nc6 3. Bc4 Bc5 4. d3 Nf6 5. Nc3 d6 6. Na4 h6 7. c3 a6 8. Nxc5 dxc5 9. O-O Bg4 10. h3 Bh5 11. Be3 b6 12. a3 O-O 13. b4 cxb4 14. axb4 b5 15. Bb3 Re8 16. Qe2 a5 17. bxa5 Rxa5 18.
Rxa5 Nxa5 19. Bc2 Qd6 20. Rb1 c6 21. g4 Nxg4 22. hxg4 Bxg4 23. Bd1 Qg6 24. Kf1 Re6 25. Qa2 Qh5 26. Qxa5 Qh1+ 27. Ke2 f5 28. exf5 Rf6 29. Kd2 Bxf3 30. Bb3+ Kh7 31. Rxh1 1-0

[Event "*** SCC Grand Prix: Titled Tuesday Blitz"]
[Site "Chess.com"]
[Date "2020.10.06"]
[Round "2"]
[White "Fh2411"]
[Black "Bulldog167"]
[Result "0-1"]
[WhiteElo "2532"]
[BlackElo "2792"]
[TimeControl "180+1"]
[EndTime "10:16:40 PDT"]
[Termination "Bulldog167 won by resignation"]

1. d4 Nf6 2. Nf3 e6 3. Bf4 b6 4. e3 Bb7 5. Nbd2 Be7 6. h3 O-O 7. Bd3 c5 8. c3 cxd4 9. exd4 d6 10.
O-O Nbd7 11. Re1 Re8 12. a4 a6 13. Qe2 Bf8 14. Ng5 h6 15. Nge4 Qc7 16. Bg3 Qc6 17. f3 e5 18. dxe5 dxe5 19. Kh1 Nh5 20. Bh2 Nf4 21. Qf1 Nxd3 22. Qxd3 Rad8 23. Qc4 Nc5 24.
Nxc5 Rxd2 25. Bf4 Rdd8 26. Bxe5 Qxc5 27. Qf4 Qc6 28. Bd4 Rxe1+ 29. Rxe1 b5 30. axb5 axb5 31. Re5 Re8 32. Rf5 Re1+ 33. Kh2 Bd6 34. Be5 Rxe5 35. Rxe5 f6 0-1

[Event "*** SCC Grand Prix: Titled Tuesday Blitz"]
[Site "Chess.com"]
[Date "2020.10.06"]
[Round "2"]
[White "tlomigtlis"]
[Black "Alexander_Donchenko"]
[Result "0-1"]
[WhiteElo "2513"]
[BlackElo "2763"]
[TimeControl "180+1"]
[EndTime "10:16:41 PDT"]
[Termination "Alexander_Donchenko won by checkmate"]

1. d4 Nf6 2. c4 e6 3. Nc3 Bb4 4. Qc2 c5 5. dxc5 O-O 6. Nf3 Bxc5 7. Bg5 h6 8. Bh4 d6 9. e3 Nbd7 10. Bd3 a6 11. a3 Qc7 12. O-O Ba7 13. Ne4 Nxe4 14.
Bxe4 Nc5 15. Bh7+ Kh8 16. b4 Nd7 17. Be4 Nf6 18. Bxf6 gxf6 19. Rad1 f5 20. Bd3 Bd7 21. e4 Bc6 22. exf5 Bxf3 23. gxf3 Rg8+ 24. Kh1 e5 25. Be4 Qe7 26. Qd2 Qh4 27. Rg1 Bxf2 28. Rxg8+ Rxg8 29. Qxd6 Qg5 30. Qxe5+ f6 31. Qg3 Bxg3 32.
Rg1 Qh4 33. Rg2 Bxh2 34. Rxg8+ Kxg8 35. Kg2 Qg3+ 36. Kf1 Bg1 37. Ke2 h5 38. Kd3 h4 39.
Kc2 h3 40. Kb3 h2 41. Ka4 h1=Q 42. Bxb7 Qhh4 43. Bd5+ Kf8 44. Ka5 Qd4 45. Be6 Qb6+ 46. Ka4 Qxf3 47. c5 Qb5# 0-1

[Event "*** SCC Grand Prix: Titled Tuesday Blitz"]
[Site "Chess.com"]
[Date "2020.10.06"]
[Round "2"]
[White "profofchess"]
[Black "Rogarcia1"]
[Result "1-0"]
[WhiteElo "2395"]
[BlackElo "2122"]
[TimeControl "180+1"]
[EndTime "10:16:42 PDT"]
[Termination "profofchess won on time"]

1. e4 c5 2. Nf3 Nc6 3. Bb5 g6 4. O-O Bg7 5. Re1 e5 6. Bxc6 dxc6 7. d3 Qc7 8. a4 a5 9. Nbd2 f6 10. Nc4 Nh6 11. Be3 b6 12. b4 axb4 13. a5 b5 14. Nb6 Rb8 15. Bxc5 Bf8 16. Bxf8 Kxf8 17. Qd2 Kg7 18. Qxb4 Bg4 19. Nd2 f5 20. exf5 gxf5 21. f4 Rhe8 22. fxe5 Rxe5 23. Qc3 Re8 24. Nd7 b4 25.
Qb2 Qa7+ 26. Kh1 Qf2 27. Nxe5 Kf8 28. Nd7+ 1-0

[Event "*** SCC Grand Prix: Titled Tuesday Blitz"]
[Site "Chess.com"]
[Date "2020.10.06"]
[Round "2"]
[White "HrvojeZagreb"]
[Black "Fy_Rakotomaharo"]
[Result "0-1"]
[WhiteElo "2118"]
[BlackElo "2626"]
[TimeControl "180+1"]
[EndTime "10:16:43 PDT"]
[Termination "Fy_Rakotomaharo won by resignation"]

1. d4 Nf6 2. Bf4 g6 3. Nc3 d5 4. e3 Bg7 5. h4 c6 6. Qd2 Nbd7 7. Nf3 b5 8. a3 a5 9. Ne5 Nxe5 10. Bxe5 h5 11. f3 O-O 12. Bd3 Ba6 13. g4 b4 14.
axb4 Bxd3 15. cxd3 axb4 16. Rxa8 bxc3 17. Rxd8 cxd2+ 18. Kxd2 Rxd8 19. gxh5 Nxh5 20. Rc1 Bxe5 21. dxe5 Rb8 22. Rxc6 Rxb2+ 23. Kc3 Rh2 24. e6 Rxh4 25.
Rc8+ Kg7 26. Re8 fxe6 27. Rxe7+ Kf6 28. Rh7 d4+ 29. exd4 Rh3 30. f4 Nxf4 31. Ra7 0-1

[Event "*** SCC Grand Prix: Titled Tuesday Blitz"]
[Site "Chess.com"]
[Date "2020.10.06"]
[Round "2"]
[White "bratkoo"]
[Black "Oleksandr_Bortnyk"]
[Result "0-1"]
[WhiteElo "2573"]
[BlackElo "2897"]
[TimeControl "180+1"]
[EndTime "10:16:44 PDT"]
[Termination "Oleksandr_Bortnyk won by checkmate"]

1. e4 Nf6 2. e5 Nd5 3. d4 d6 4. Nf3 dxe5 5. Nxe5 c6 6. Be2 Bf5 7. O-O Nd7 8. Nf3 e6 9. c4 N5f6 10. Nc3 Bd6 11. Nh4 Bg6 12. Nxg6 hxg6 13. h3 Qc7 14. d5 e5 15. dxc6 bxc6 16. Bf3 O-O 17. Be3 Bc5 18. Qe2 Rfe8 19. Bxc5 Nxc5 20. b4 Ne6 21.
Qe3 Nd4 22. Rac1 Rab8 23. b5 cxb5 24. Nxb5 Qc5 25. Rfd1 a6 26. Nxd4 exd4 27. Qf4 g5 28. Qd2 Rbd8 29. Bd5 Nxd5 30. Qxg5 Qe7 31. Qxe7 Nxe7 32.
Rb1 Nc6 33. Rb6 Ne5 34. c5 d3 35. Rxa6 d2 36. Rd6 Rxd6 37. cxd6 Nf3+ 38. Kf1 Re1+ 39.
Rxe1 dxe1=Q# 0-1

[Event "*** SCC Grand Prix: Titled Tuesday Blitz"]
[Site "Chess.com"]
[Date "2020.10.06"]
[Round "2"]
[White "kreonx"]
[Black "Gajuchess"]
[Result "0-1"]
[WhiteElo "2359"]
[BlackElo "2792"]
[TimeControl "180+1"]
[EndTime "10:16:46 PDT"]
[Termination "Gajuchess won on time"]

1. e4 g6 2. Nc3 Bg7 3. g3 a6 4. a4 b6 5. Bg2 Bb7 6. Nge2 d6 7. d4 Nd7 8. O-O c5 9. Be3 cxd4 10. Bxd4 Ngf6 11.
Nd5 e5 12. Nxf6+ Nxf6 13. Be3 Nxe4 14. Qd3 f5 15. Qb3 d5 16. Qxb6 Qxb6 17. Bxb6 Kf7 18. Rfd1 Rhc8 19. c3 a5 20. b4 axb4 21. cxb4 Rc2 22.
Bxe4 fxe4 23. Nc1 d4 24. Nb3 Bd5 25. Nc5 Ke7 26. a5 e3 27. fxe3 Rg2+ 28. Kf1 Rf8+ 29. Ke1 Rff2 0-1

[Event "*** SCC Grand Prix: Titled Tuesday Blitz"]
[Site "Chess.com"]
[Date "2020.10.06"]
[Round "2"]
[White "gumimis"]
[Black "Inga83"]
[Result "1-0"]
[WhiteElo "2254"]
[BlackElo "2414"]
[TimeControl "180+1"]
[EndTime "10:16:49 PDT"]
[Termination "gumimis won by checkmate"]

1. e4 c6 2. d4 d5 3. Nc3 dxe4 4. Nxe4 Nf6 5. Nxf6+ exf6 6. c3 Bd6 7. Bd3 O-O 8. Qc2 Qc7 9. Bxh7+ Kh8 10. Bd3 Re8+ 11. Ne2 c5 12. Be3 c4 13. Be4 Qa5 14. Ng3 Kg8 15. O-O Qc7 16. Rae1 Nd7 17. Kh1 Nf8 18. Nf5 Bxf5 19. Bxf5 g6 20. Bg4 f5 21. Bf3 Re7 22. Bg5 Rxe1 23. Rxe1 Bxh2 24. Re7 Qd6 25. g3 Bxg3 26.
fxg3 f6 27. Bxf6 Qxf6 28. Bd5+ Kh8 29. Qh2+ Nh7 30. Qxh7# 1-0

[Event "*** SCC Grand Prix: Titled Tuesday Blitz"]
[Site "Chess.com"]
[Date "2020.10.06"]
[Round "2"]
[White "LiemLe"]
[Black "draksbg"]
[Result "1-0"]
[WhiteElo "2980"]
[BlackElo "2601"]
[TimeControl "180+1"]
[EndTime "10:16:50 PDT"]
[Termination "LiemLe won on time"]

1. d4 Nf6 2. Nf3 g6 3. Bf4 Bg7 4. c3 b6 5. Nbd2 Bb7 6. e3 d6 7. h3 Nbd7 8. a4 a6 9. Bc4 O-O 10. O-O h6 11. Bh2 Kh7 12. Qe2 Ne4 13. Nxe4 Bxe4 14.
Bxa6 Bxf3 15. gxf3 e5 16. Bb5 Qe7 17. Qc4 Nf6 18.
dxe5 dxe5 19. Rfd1 Rad8 20. b4 Nh5 21. a5 bxa5 22.
bxa5 f5 23. a6 e4 24. f4 Rxd1+ 25. Rxd1 Qh4 26. Qf1 g5 27. fxg5 hxg5 28. Bc6 g4 29. a7 gxh3 30. Kh1 Qg4 31. f3 Ng3+ 32. Bxg3 Qxg3 33.
a8=Q Rxa8 34. Bxa8 Be5 35. Rd2 exf3 36. Bxf3 Kg6 37. Qg1 1-0

[Event "*** SCC Grand Prix: Titled Tuesday Blitz"]
[Site "Chess.com"]
[Date "2020.10.06"]
[Round "2"]
[White "TrimitziosP7"]
[Black "maximnovik"]
[Result "1-0"]
[WhiteElo "2803"]
[BlackElo "2535"]
[TimeControl "180+1"]
[EndTime "10:16:50 PDT"]
[Termination "TrimitziosP7 won on time"]

1. e4 c6 2. c4 d5 3. cxd5 cxd5 4. exd5 Nf6 5. Nc3 Nxd5 6. Bc4 Nxc3 7. Qf3 e6 8. dxc3 Be7 9. Bd2 Nc6 10. Qe2 O-O 11. O-O-O Qc7 12. h4 b5 13. Bd3 Bb7 14. Nf3 Rfd8 15.
Ng5 Rxd3 16. Qxd3 g6 17. h5 Rd8 18. Qh3 Rxd2 19. hxg6 Rxd1+ 20. Kxd1 Bxg5 21. Qxh7+ Kf8 22. g7+ Ke7 23. g8=Q Qd6+ 24. Kc2 Qd2+ 25. Kb1 Ne5 26. Qc2 Qf4 27. Qd1 Be4+ 28. Ka1 Nd3 29. f3 Bg6 30. Qxg6 fxg6 31. Qxd3 1-0

[Event "*** SCC Grand Prix: Titled Tuesday Blitz"]
[Site "Chess.com"]
[Date "2020.10.06"]
[Round "2"]
[White "reutik"]
[Black "Fighter008"]
[Result "1-0"]
[WhiteElo "2197"]
[BlackElo "2619"]
[TimeControl "180+1"]
[EndTime "10:16:50 PDT"]
[Termination "reutik won by resignation"]

1. d4 Nf6 2. Nf3 g6 3. c4 Bg7 4. e3 O-O 5. Be2 d6 6. Nc3 Nbd7 7. b3 e5 8. Bb2 Nh5 9. O-O f5 10. dxe5 dxe5 11. Qc2 c6 12. Rfd1 Qe7 13. Qd2 e4 14.
Ne1 Nhf6 15. Qd6 Qxd6 16. Rxd6 Ne8 17. Rd2 Nc7 18. Nd1 Bxb2 19. Nxb2 Ne5 20. Rad1 Ne6 21. Nc2 Nc5 22. Nd4 a5 23. a3 g5 24. b4 Ne6 25. c5 Nxd4 26. exd4 Ng6 27. Bc4+ Kh8 28. d5 cxd5 29. Rxd5 axb4 30. axb4 Be6 31. Rd6 Bxc4 32. Nxc4 Ra4 33. Rb6 Nf4 34. Rxb7 Nd3 35. Nd6 Nxb4 36. Nf7+ Kg8 37. Nxg5 Nd3 38. c6 Rc4 39. Nxh7 Rxc6 40. Nxf8 Kxf8 41. Ra1 Rc2 42. Ra8+ 1-0